 Dungeon Crawl Stone Soup version 0.29-a0-620-g13ace881f2 (webtiles) character file.

Game seed: 6325376827699914671

335 CrazyBamboolord the Cutter (level 6, 0/39 HPs)
             Began as a Kobold Fighter on June 18, 2022.
             Succumbed to a kobold's poison
             ... on level 4 of the Dungeon.
             The game lasted 00:03:20 (3215 turns).

CrazyBamboolord the Cutter (Kobold Fighter)         Turns: 3215, Time: 00:03:21

Health: 0/39       AC:  7    Str: 13    XL:     6   Next: 84%
Magic:  6/6        EV: 11    Int: 10    God:
Gold:   276        SH:  6    Dex: 16    Spells: 5/5 levels left

rFire   . . .      SeeInvis .   a - +0 rapier
rCold   . . .      Faith    .   c - +0 buckler
rNeg    . . .      Spirit   .   b - +0 scale mail
rPois   .          Reflect  .   (no helmet)
rElec   .          Harm     .   k - +0 cloak
rCorr   .          Rampage  .   (no gloves)
Will    .....                   (no boots)
Stlth   +.........              (no amulet)
HPRegen 0.13/turn               (no ring)
MPRegen 0.10/turn               (no ring)

@: lethally poisoned (0 -> -5)
A: small, no large weapons, nightstalker 3
a: no special abilities


You were on level 4 of the Dungeon.
You visited 1 branch of the dungeon, and saw 4 of its levels.

You collected 276 gold pieces.

Inventory:

Hand Weapons
 a - a +0 rapier (weapon)
Armour
 b - a +0 scale mail (worn)
 c - a +0 buckler (worn)
 k - a +0 cloak (worn)
Wands
 m - a wand of flame (10)
Scrolls
 f - a scroll of silence {unknown}
 h - a scroll of fear {unknown}
 j - 2 scrolls of noise
 n - 2 scrolls of enchant weapon {unknown}
 o - 2 scrolls of teleportation {unknown}
 q - a scroll of amnesia {unknown}
 s - a scroll of blinking {unknown}
 t - 2 scrolls of identify {unknown}
Potions
 d - 2 potions of might
 e - 4 potions of curing
 g - a potion of mutation {unknown}
 i - a potion of lignification {unknown}
 l - a potion of heal wounds {unknown}
 p - a potion of invisibility {unknown}
 r - a potion of cancellation {unknown}


   Skills:
 * Level 4.7 Fighting
 * Level 6.1 Short Blades
 + Level 3.0 Armour
 * Level 2.3 Dodging
 + Level 0.5 Stealth
 + Level 2.9 Shields


You had 5 spell levels left.
You didn't know any spells.
Your spell library contained the following spells:

 Spells                   Type           Power      Damage    Failure   Level
 Apportation              Tloc           0%         N/A       95%         1
 Necrotize                Necr           0%         1d4       95%         1
 Summon Small Mammal      Summ           0%         N/A       95%         1
 Blink                    Tloc           0%         N/A       98%         2
 Ensorcelled Hibernation  Hex/Ice        0%         N/A       98%         2
 Passwall                 Tmut/Erth      0%         N/A       98%         2
 Sublimation of Blood     Necr           0%         N/A       98%         2
 Swiftness                Air            0%         N/A       100%        3
 Petrify                  Tmut/Erth      0%         N/A       100%        4
 Alistair's Intoxication  Tmut/Pois      0%         N/A       100%        5
 Irradiate                Conj/Tmut      0%         3d13      100%        5
 Manifold Assault         Tloc           0%         N/A       100%        5
 Storm Form               Tmut/Air       0%         N/A       100%        7


Dungeon Overview and Level Annotations

Branches:
Dungeon (4/15)
 Temple: D:4-7

Altars:
Okawaru


Innate Abilities, Weirdness & Mutations

You are small and have problems with some larger weapons.
You are completely attuned to the shadows.


Message History

You kill the kobold!
No target in view!
No target in view!
No target in view!
No target in view!
No target in view!
No target in view!
No target in view!
No target in view!
No target in view!
Found an escape hatch in the floor.
An iguana comes into view.
The iguana hisses angrily.
You hear a shout!
An iguana is nearby!
You puncture the iguana!
The iguana is heavily wounded.
You block the iguana's attack.
A kobold comes into view.
It is wielding a +0 whip and quivering poisoned darts.
You hit the iguana.
The iguana is heavily wounded.
The iguana bites you!
You barely miss the iguana.
The iguana is heavily wounded.
You block the iguana's attack.
You hit the iguana but do no damage.
The iguana is heavily wounded.
The iguana bites you!
You barely miss the iguana.
The iguana is heavily wounded.
The iguana bites you!
* * * LOW HITPOINT WARNING * * *
The kobold hits you but does no damage.
You are too injured to fight recklessly!
The kobold attacks as you move away! You block the kobold's attack.
The iguana attacks as you move away! The iguana closely misses you.
The iguana attacks as you move away! The iguana bites you!
* * * LOW HITPOINT WARNING * * *
The kobold throws a poisoned dart.
The poisoned dart hits you.
You are lethally poisoned!
You die...

##.#.##
.....
#...##
#....#
###....##
....K...#
###.l...#
#.....##
#.@....>
#.......
#.#.....
#.......
#####.....
......)...
..........
..........
.####.....


You could see an iguana and a kobold.

Vanquished Creatures
  Sigmund (D:2)
  Natasha (thrice) (D:2)
  2 adders
  2 dart slugs (D:1)
  4 orcs (D:3)
  8 ball pythons
  10 bats
  A bat skeleton (D:2)
  2 endoplasms
  3 giant cockroaches
  3 goblins (D:1)
  8 hobgoblins
  9 jackals (D:2)
  5 kobolds
  2 quokkas (D:1)
  A ball python skeleton (D:2)
  A ball python zombie (D:2)
  2 frilled lizards (D:1)
  A jackal zombie (D:2)
  4 rats
72 creatures vanquished.

Vanquished Creatures (others)
  4 toadstools (D:1)
  3 withered plants (D:2)
7 creatures vanquished.

Grand Total: 79 creatures vanquished

Notes
Turn   | Place    | Note
-------+----------+-------------------------------------------
     0 | D:1      | CrazyBamboolord the Kobold Fighter began the quest for the
                  | Orb.
     0 | D:1      | Reached XP level 1. HP: 14/14 MP: 1/1
   291 | D:1      | Reached XP level 2. HP: 15/19 MP: 2/2
   448 | D:1      | Reached skill level 3 in Short Blades
   471 | D:1      | Found a faded altar of an unknown god.
   550 | D:1      | Reached XP level 3. HP: 24/24 MP: 3/3
   964 | D:2      | Found an iron altar of Okawaru.
   990 | D:2      | Reached skill level 1 in Dodging
  1210 | D:2      | Noticed Sigmund
  1215 | D:2      | HP: 1/24 [Sigmund/magic dart (7)]
  1217 | D:2      | Killed Sigmund
  1218 | D:2      | Reached skill level 5 in Short Blades
  1218 | D:2      | Reached XP level 4. HP: 2/30 MP: 4/4
  1218 | D:2      | Reached XP level 5. HP: 2/34 MP: 5/5
  1218 | D:2      | Reached XP level 6. HP: 2/39 MP: 6/6
  1696 | D:2      | Noticed Natasha
  1708 | D:2      | Killed Natasha
  2029 | D:2      | Noticed Natasha
  2038 | D:2      | Killed Natasha
  2079 | D:2      | Noticed Natasha
  2088 | D:2      | Killed Natasha
  2615 | D:3      | Reached skill level 6 in Short Blades
  3215 | D:4      | Succumbed to a kobold's poison

Illustrated notes

Levels and vault maps discovered:
D:1:      amcnicky_arrival_wind_blow, layout_basic,
          chequers_ecumenical_altar_twisty, minmay_gold_behind_fungi,
          minmay_misc_feat_five
D:2:      layout_rooms, serial_undead, serial_undead_a, serial_undead_b,
          serial_undead_c, serial_undead_c, serial_undead_f, serial_undead_c,
          basic_altar, uniq_sigmund, uniq_natasha
D:3:      layout_loops_cross, kennysheep_path_1
D:4:      layout_basic, lightli_temple_of_fire, mainiacjoe_overflow_chevrons,
          serial_shops, nicolae_shop_waterfront

Skill      XL: |  1  2  3  4  5  6 |
---------------+-------------------+-----
Short Blades   | 3 5 6 |  6.1
Dodging        | 2 |  2.3
Fighting       | 4 |  4.7
Armour         | 3 |  3.0
Stealth        | |  0.5
Shields        | |  2.9

Action                   |  1- 3 |  4- 6 || total
-------------------------+-------+-------++-------
Melee: Rapier            |   116 |   119 ||   235
  Use: Potion            |     1 |     1 ||     2
       Scroll            |       |     1 ||     1
 Stab: Sleeping          |     1 |     1 ||     2
Armor: Scale mail        |    71 |    37 ||   108
Dodge: Dodged            |    62 |    53 ||   115
Block: Buckler           |    40 |    37 ||    77

Table legend: (Time is in decaauts)
 A = Elapsed time spent in this place.
 B = Non-inter-level travel time spent in this place.
 C = Inter-level travel time spent in this place.
 D = Time resting spent in this place.
 E = Time spent auto-exploring this place.
 F = Levels seen in this place.
 G = Mean time per level.
                   A        B        C        D        E       F      G
               +--------+--------+--------+--------+--------+-----+--------+
         Total |   3226 |   3116 |    110 |      0 |   2632 |   4 |  806.5 |
       Dungeon |   3226 |   3116 |    110 |      0 |   2632 |   4 |  806.5 |
               +--------+--------+--------+--------+--------+-----+--------+

Top non-repeatable levels by time:
     D:2: 1140 daAuts
     D:1: 966 daAuts
     D:3: 918 daAuts
     D:4: 200 daAuts
